AoeStats
← Malcolm Little

Arabia

508356220Analyzed
4v4 RM · 10d ago on Sep 22, 2026· 43m 44s· 8 players
Game mode
Random Map
Map size
Large (8 player)
Population
200
Speed
Normal
Resources
Standard
Victory
Conquest
Starting age
Dark Age
Ending age
Imperial Age
RankedLock teamsTeams togetherTeam positionsShared explorationLock speedFull tech treeHidden civsTurbo modeCheats
Victory
Defeat
1628
+9
🇦🇷 Maya · Argentina
1551
+12
🇨🇴 Magyars · Colombia
1387
+18
🇦🇷 Japanese · Argentina
1294
+21
🇩🇴 Britons · Dominican Republic
1469
-16
🇩🇴 Gurjaras · Dominican Republic
1459
-16
🇩🇴 Malians · Dominican Republic
1426
-14
🇩🇴 Ethiopians · Dominican Republic
1420
-14
RD | Telematico
7:06 Loom
9:15 Feudal Age
9:46 Double-Bit Axe
22:12 Castle Age
20:48 Scale Barding Armor
22:05 Bloodlines
21:50 Gold Mining
23:20 Bow Saw
24:42 Husbandry
26:05 Forging
39:25 Chain Barding Armor
Malcolm Little
10:11 Loom
14:56 Feudal Age
15:05 Man-at-Arms
15:53 Double-Bit Axe
23:48 Horse Collar
27:10 Fletching
30:37 Wheelbarrow
RD | Drakes
7:18 Loom
9:53 Feudal Age
11:10 Double-Bit Axe
14:59 Horse Collar
15:48 Forging
15:38 Fletching
26:46 Castle Age
24:59 Gold Mining
25:43 Padded Archer Armor
26:41 Wheelbarrow
26:59 Crossbowman
27:35 Bodkin Arrow
29:03 Thumb Ring
29:31 Town Watch
33:08 Ballistics
42:39 Bow Saw
RD | Nfasis
9:03 Feudal Age
9:16 Loom
10:16 Double-Bit Axe
22:22 Castle Age
22:13 Bloodlines
22:48 Scale Barding Armor
22:53 Forging
28:36 Chain Barding Armor
31:59 Horse Collar
34:27 Iron Casting
35:05 Husbandry
que estas haciendo gonorrea?
6:27 Loom
9:02 Feudal Age
9:51 Double-Bit Axe
12:25 Town Watch
16:08 Wheelbarrow
16:13 Scale Barding Armor
22:35 Castle Age
21:26 Gold Mining
22:39 Light Cavalry
23:40 Chain Barding Armor
23:26 Husbandry
23:58 Bow Saw
25:28 Forging
31:58 Gold Shaft Mining
32:06 Hand Cart
35:30 Stone Mining
37:19 Iron Casting
42:11 Imperial Age
40:29 Fletching
42:13 Cavalier
44:19 Plate Barding Armor
44:45 Blast Furnace
DL | Lich
0:27 Loom
10:48 Feudal Age
12:39 Double-Bit Axe
14:59 Fletching
17:05 Town Watch
18:35 Wheelbarrow
18:57 Padded Archer Armor
25:38 Castle Age
25:44 Crossbowman
26:23 Bodkin Arrow
27:05 Bow Saw
27:59 Ballistics
33:12 Leather Archer Armor
44:45 Imperial Age
42:54 Thumb Ring
43:01 Horse Collar
Vizconde Medardo
10:12 Feudal Age
10:13 Man-at-Arms
16:24 Loom
17:50 Fletching
23:31 Padded Archer Armor
25:46 Arson
29:46 Castle Age
29:47 Crossbowman
34:22 Double-Bit Axe
37:44 Guard Tower
Kiyotaka
5:36 Loom
8:15 Feudal Age
9:49 Town Watch
10:28 Double-Bit Axe
11:34 Horse Collar
18:13 Scale Barding Armor
23:21 Castle Age
22:13 Bloodlines
30:41 Chain Barding Armor
42:24 Husbandry
44:16 Wheelbarrow
46:19 Imperial Age
Connection lost

Rejoining the realm…

Still unreachable

The connection could not be restored.

Session expired

The server has moved on; the page needs a fresh start.